Edmonton Oilers vs Arizona Coyotes
Created - Thursday, December 5, 2024 at 07:53
Goals
|
| Edmonton Oilers |
1 |
2 |
2 |
0 |
5 |
| Arizona Coyotes |
3 |
1 |
1 |
1 |
6 |
|
Shots
|
| Edmonton Oilers |
8 |
13 |
10 |
0 |
31 |
| Arizona Coyotes |
16 |
15 |
9 |
1 |
41 |
|
1st period
1. Edmonton Oilers , Corey Perry 14 (Brandon Carlo 23, Dawson Mercer 36) at 1:19
2. Arizona Coyotes , Charlie Coyle 29 (Mats Zuccarello 49, Tyler Seguin 36) at 10:57 (PP)
3. Arizona Coyotes , Mason McTavish 25 (Mats Zuccarello 50, Charlie Coyle 40) at 13:35
4. Arizona Coyotes , Ryan Donato 18 (Brandon Tanev 17, Ross Colton 18) at 17:38
Penalties :
Adrian Kempe (EDM) for Holding (Minor) at 4:50, Jacob Trouba (EDM) for Tripping (Minor) at 10:50
2nd period
5. Edmonton Oilers , Brock Boeser 33 (Jeff Carter 35, Evan Bouchard 32) at 5:10 (PP)
6. Arizona Coyotes , Mats Zuccarello 35 (Charlie Coyle 41) at 10:47
7. Edmonton Oilers , Adrian Kempe 34 (Ryan McLeod 10, Brandon Carlo 24) at 17:07
Penalties :
Jacob Trouba (EDM) for Interference (Minor) at 1:04, Radko Gudas (AZC) for Interference (Minor) at 4:28
3rd period
8. Edmonton Oilers , Dawson Mercer 22 (Evan Bouchard 33) at 3:27
9. Edmonton Oilers , Dawson Mercer 23 (Ryan McLeod 11) at 6:33
10. Arizona Coyotes , Ryan Donato 19 (Ross Colton 19, Mats Zuccarello 51) at 9:29
Penalties :
Tyler Seguin (AZC) for Roughing (Minor) at 1:14, Radko Gudas (AZC) for Hooking (Minor) at 7:21, Jacob Trouba (EDM) for Interference (Minor) at 7:25, Radko Gudas (AZC) for Hooking (Minor) at 10:16
Overtime #1
11. Arizona Coyotes , Mason McTavish 26 (Mats Zuccarello 52) at 0:14
Penalties :
No Penalty
Goalie Stats
Matt Murray (EDM), 35 saves from 41 shots - (0.854), OTL, 6-16-2, 60:14 minutes
Petr Mrazek (AZC), 26 saves from 31 shots - (0.839), W, 30-30-6, 60:14 minutes
Players Stats for Edmonton Oilers
Player Name G A P +/- PIM S H SB GA TA FO MP PP MP PK MP
------------------------------------------------------------------------------------
Adrian Kempe 1 0 1 -1 2 4 0 1 0 0 0/3 23:00 2:22 0:58
Alex Iafallo 0 0 0 1 0 1 0 0 0 0 0/0 5:20 0:00 0:00
Boone Jenner 0 0 0 -2 0 3 0 0 1 0 11/21 19:25 2:22 2:03
Brandon Carlo 0 2 2 0 0 2 0 1 0 0 0/0 23:13 2:34 2:09
Brett Pesce 0 0 0 1 0 1 0 2 0 2 0/0 16:34 0:00 0:53
Brock Boeser 1 0 1 -3 0 5 1 0 1 0 1/1 21:02 2:21 1:59
Corey Perry 1 0 1 3 0 3 3 2 0 0 0/1 14:39 0:00 0:53
David Perron 0 0 0 -1 0 2 1 0 3 0 1/2 19:17 2:22 2:03
David Savard 0 0 0 -2 0 2 0 0 0 1 0/0 21:59 2:10 2:12
Dawson Mercer 2 1 3 3 0 3 3 0 1 0 6/10 14:17 0:01 0:18
Derek Ryan 0 0 0 0 0 0 0 0 0 0 0/0 1:10 0:01 0:00
Evan Bouchard 0 2 2 -2 0 0 0 0 0 1 0/0 22:00 2:10 2:00
Jacob Trouba 0 0 0 -1 6 0 1 1 0 1 0/0 21:17 2:33 1:04
Jake DeBrusk 0 0 0 -2 0 1 1 1 0 0 0/0 17:40 2:21 0:00
Jeff Carter 0 1 1 -2 0 1 0 0 0 0 10/17 17:26 2:21 0:00
Morgan Barron 0 0 0 -1 0 0 0 0 0 0 0/0 2:36 0:01 0:04
Ryan McLeod 0 2 2 4 0 3 1 0 0 0 5/12 18:13 0:00 0:00
Scott Mayfield 0 0 0 1 0 0 1 0 0 0 0/0 15:40 0:00 0:00
Players Stats for Arizona Coyotes
Player Name G A P +/- PIM S H SB GA TA FO MP PP MP PK MP
------------------------------------------------------------------------------------
Brandon Tanev 0 1 1 -1 0 2 3 0 0 0 1/1 14:01 2:03 0:15
Brayden McNabb 0 0 0 1 0 3 0 2 0 2 0/0 22:29 1:36 2:31
Charlie Coyle 1 2 3 0 0 3 4 0 2 2 12/26 20:18 2:01 2:19
Erik Haula 0 0 0 0 0 5 0 0 2 0 11/20 17:30 2:03 0:00
Jakob Silfverberg 0 0 0 0 0 1 1 1 1 0 0/0 7:52 0:01 0:47
Jani Hakanpaa 0 0 0 -1 0 3 2 5 0 1 0/0 26:01 2:33 2:13
Jared Spurgeon 0 0 0 -2 0 0 1 2 0 0 0/0 25:56 2:33 2:13
Johnathan Kovacevic 0 0 0 1 0 0 0 2 0 1 0/0 12:52 0:00 1:06
Mark Jankowski 0 0 0 0 0 0 1 0 0 0 1/3 6:26 0:00 0:00
Mason McTavish 2 0 2 1 0 3 3 0 0 0 4/5 20:21 2:03 2:20
Mats Zuccarello 1 4 5 1 0 5 2 1 0 0 1/2 19:53 2:01 2:02
Matt Dumba 0 0 0 3 0 0 0 0 0 0 0/0 13:09 0:04 0:22
Ondrej Palat 0 0 0 0 0 0 2 0 0 0 0/1 6:26 0:00 0:00
Radko Gudas 0 0 0 1 6 1 4 1 0 0 0/0 20:09 1:36 1:03
Ross Colton 0 2 2 1 0 4 0 0 0 0 1/6 12:16 0:05 0:00
Ryan Donato 2 0 2 0 0 6 0 1 0 0 0/0 13:03 0:05 0:26
Tyler Seguin 0 1 1 -1 2 3 0 1 0 0 0/0 20:05 2:01 1:19
Zach Parise 0 0 0 0 0 2 0 1 0 0 2/3 15:26 0:00 0:00
3 Stars
1 - Mats Zuccarello (AZC)
2 - Dawson Mercer (EDM)
3 - Mason McTavish (AZC)
Power Play
Edmonton Oilers - 1 on 4 Attempt(s) - 25.00%
Arizona Coyotes - 1 on 4 Attempt(s) - 25.00%
Penalty Kill
Edmonton Oilers - 3 on 4 Attempt(s) - 75.00%
- Score 0 goal in Penalty Kill
Arizona Coyotes - 3 on 4 Attempt(s) - 75.00%
- Score 0 goal in Penalty Kill
Team Stat
Edmonton Oilers - Hits : 12 - Faceoff Wins : 34 - Blocked Shots : 8 - Penalty Minutes : 8
Arizona Coyotes - Hits : 23 - Faceoff Wins : 33 - Blocked Shots : 17 - Penalty Minutes : 8
Official
Referees : Justin Kea and Chris Rooney
Linesman : Joseph Mahon and Shandor Alphonso
Game Notes
Jared Spurgeon is injured at 0:08 of 1st overtime period (Back)
Finance
Level 1 -- Attendance: 5456 (90.93%) -- Ticket Income $501,952
Level 2 -- Attendance: 4377 (87.54%) -- Ticket Income $218,850
Level 3 -- Attendance: 2644 (88.13%) -- Ticket Income $74,032
Level 4 -- Attendance: 4840 (96.80%) -- Ticket Income $87,120
Luxury Box -- Attendance: 961 (96.10%) -- Ticket Income $182,590
Game was played at the Gila River Arena.
Total Attendance: 18278 (91.39%)
Total Ticket Income: $1,064,544
Other Income: $372,590
Total Income: $1,437,134
Edmonton Oilers
5 vs 5 Forward
Center Left Wing Right Wing Time % Phy DF OF
1 Boone Jenner David Perron Adrian Kempe 30 1 2 2
2 Jeff Carter Jake DeBrusk Brock Boeser 30 1 2 2
3 Dawson Mercer Ryan McLeod Corey Perry 25 1 2 2
4 Ryan McLeod Adrian Kempe Alex Iafallo 15 1 2 2
5 vs 5 Defense
Defense Defense Time % Phy DF OF
1 Jacob Trouba Brandon Carlo 35 1 2 2
2 David Savard Evan Bouchard 35 1 2 2
3 Scott Mayfield Brett Pesce 30 1 2 2
4 Jacob Trouba Brandon Carlo 0 1 2 2
PowerPlay Forward
Center Left Wing Right Wing Time % Phy DF OF
1 Boone Jenner David Perron Adrian Kempe 50 1 2 2
2 Jeff Carter Jake DeBrusk Brock Boeser 50 1 2 2
PowerPlay Defense
Defense Defense Time % Phy DF OF
1 Jacob Trouba Brandon Carlo 50 1 2 2
2 David Savard Evan Bouchard 50 1 2 2
Penalty Kill 4 Players Forward
Center Wing Time % Phy DF OF
1 Adrian Kempe Brock Boeser 50 1 2 2
2 Boone Jenner David Perron 50 1 2 2
Penalty Kill 4 Players Defense
Defense Defense Time % Phy DF OF
1 Jacob Trouba Brandon Carlo 50 1 2 2
2 David Savard Evan Bouchard 50 1 2 2
Penalty Kill - 3 Players Forward
Forward Time % Phy DF OF
1 Adrian Kempe 50 1 2 2
2 Brock Boeser 50 1 2 2
Penalty Kill - 3 Players Defense
Defense Defense Time % Phy DF OF
1 Jacob Trouba Brandon Carlo 50 1 2 2
2 David Savard Evan Bouchard 50 1 2 2
4 vs 4 Forward
Center Wing Time % Phy DF OF
1 Adrian Kempe Brock Boeser 50 1 2 2
2 Boone Jenner David Perron 50 1 2 2
4 vs 4 Defense
Defense Defense Time % Phy DF OF
1 Jacob Trouba Brandon Carlo 50 1 2 2
2 David Savard Evan Bouchard 50 1 2 2
Last Minutes Offensive
Center Left Wing Right Wing Defense Defense
Boone Jenner David Perron Adrian Kempe Jacob Trouba Brandon Carlo
Last Minutes Defensive
Center Left Wing Right Wing Defense Defense
Boone Jenner David Perron Adrian Kempe Jacob Trouba Brandon Carlo
Goaltenders
Starting : Matt Murray
Backup : Juuse Saros
Extra Forwards
Normal : Morgan Barron, Derek Ryan, Corey Perry - PP : Morgan Barron, Derek Ryan - PK : Corey Perry
Extra Defensemen
Normal : Scott Mayfield, Brett Pesce, David Savard - PP : Scott Mayfield - PK : Brett Pesce, David Savard
Penalty Shots
Adrian Kempe, Brock Boeser, Boone Jenner, David Perron, Jake DeBrusk
Scratches
David Reinbacher (Healthy), Rasmus Ristolainen (Healthy), Julien Gauthier (Healthy), Tanner Jeannot (Healthy), Dylan Holloway (Healthy)
Arizona Coyotes
5 vs 5 Forward
Center Left Wing Right Wing Time % Phy DF OF
1 Charlie Coyle Mason McTavish Mats Zuccarello 35 1 2 2
2 Erik Haula Zach Parise Tyler Seguin 35 1 2 2
3 Ross Colton Brandon Tanev Ryan Donato 20 1 2 2
4 Mark Jankowski Jakob Silfverberg Ondrej Palat 10 1 2 2
5 vs 5 Defense
Defense Defense Time % Phy DF OF
1 Jared Spurgeon Jani Hakanpaa 40 1 2 2
2 Radko Gudas Brayden McNabb 35 1 2 2
3 Matt Dumba Johnathan Kovacevic 25 1 2 2
4 Jared Spurgeon Jani Hakanpaa 0 1 2 2
PowerPlay Forward
Center Left Wing Right Wing Time % Phy DF OF
1 Charlie Coyle Mats Zuccarello Tyler Seguin 50 1 2 2
2 Mason McTavish Erik Haula Brandon Tanev 50 1 2 2
PowerPlay Defense
Defense Defense Time % Phy DF OF
1 Jared Spurgeon Jani Hakanpaa 60 1 2 2
2 Radko Gudas Brayden McNabb 40 1 2 2
Penalty Kill 4 Players Forward
Center Wing Time % Phy DF OF
1 Charlie Coyle Tyler Seguin 50 1 3 1
2 Mats Zuccarello Mason McTavish 50 1 3 1
Penalty Kill 4 Players Defense
Defense Defense Time % Phy DF OF
1 Jared Spurgeon Jani Hakanpaa 50 1 3 1
2 Radko Gudas Brayden McNabb 50 1 3 1
Penalty Kill - 3 Players Forward
Forward Time % Phy DF OF
1 Charlie Coyle 50 1 3 1
2 Tyler Seguin 50 1 3 1
Penalty Kill - 3 Players Defense
Defense Defense Time % Phy DF OF
1 Jared Spurgeon Jani Hakanpaa 50 1 3 1
2 Radko Gudas Brayden McNabb 50 1 3 1
4 vs 4 Forward
Center Wing Time % Phy DF OF
1 Charlie Coyle Tyler Seguin 50 1 2 2
2 Mats Zuccarello Mason McTavish 50 1 2 2
4 vs 4 Defense
Defense Defense Time % Phy DF OF
1 Jared Spurgeon Jani Hakanpaa 50 1 3 1
2 Radko Gudas Brayden McNabb 50 1 3 1
Last Minutes Offensive
Center Left Wing Right Wing Defense Defense
Charlie Coyle Mats Zuccarello Tyler Seguin Jared Spurgeon Jani Hakanpaa
Last Minutes Defensive
Center Left Wing Right Wing Defense Defense
Charlie Coyle Mats Zuccarello Tyler Seguin Jared Spurgeon Jani Hakanpaa
Goaltenders
Starting : Petr Mrazek
Backup : Carter Hart
Extra Forwards
Normal : Ross Colton, Ryan Donato, Jakob Silfverberg - PP : Ross Colton, Ryan Donato - PK : Jakob Silfverberg
Extra Defensemen
Normal : Matt Dumba, Johnathan Kovacevic, Radko Gudas - PP : Matt Dumba - PK : Johnathan Kovacevic, Radko Gudas
Penalty Shots
Charlie Coyle, Tyler Seguin, Mats Zuccarello, Mason McTavish, Erik Haula
Scratches
Jayden Struble (Healthy), Anthony Deangelo (Healthy), Scott Reedy (Healthy), Elvis Merzlikins (Healthy)
% Time on Ice - Edmonton Oilers
Lines # - Real PCT - Wanted PCT - Time Play
Normal Forward
1 - 30% - 30% - 14:34
2 - 32% - 30% - 15:53
3 - 27% - 25% - 13:25
4 - 11% - 15% - 5:20
Normal Defense
1 - 35% - 35% - 17:24
2 - 34% - 35% - 16:47
3 - 31% - 30% - 15:01
4 - 0% - 0% - 0:00
PP Forward
1 - 50% - 50% - 2:22
2 - 50% - 50% - 2:22
PP Defense
1 - 54% - 50% - 2:34
2 - 46% - 50% - 2:10
PK Forward
1 - 49% - 50% - 2:03
2 - 51% - 50% - 2:06
PK Defense
1 - 52% - 50% - 2:09
2 - 48% - 50% - 2:00
PK3 Forward
1 - 0% - 50%
2 - 0% - 50%
PK3 Defense
1 - 0% - 50%
2 - 0% - 50%
44 Forward
1 - 50% - 50% - 1:04
2 - 50% - 50% - 1:05
44 Defense
1 - 51% - 50% - 1:06
2 - 49% - 50% - 1:03
Last Minute Offensive - 0:00
Last Minute Defensive - 0:00
Total
Forward - 60:14
Defense - 60:14
|
% Time on Ice - Arizona Coyotes
Lines # - Real PCT - Wanted PCT - Time Play
Normal Forward
1 - 31% - 35% - 15:19
2 - 32% - 35% - 15:59
3 - 23% - 20% - 11:28
4 - 13% - 10% - 6:26
Normal Defense
1 - 41% - 40% - 20:09
2 - 36% - 35% - 17:40
3 - 23% - 25% - 11:23
4 - 0% - 0% - 0:00
PP Forward
1 - 49% - 50% - 2:02
2 - 51% - 50% - 2:07
PP Defense
1 - 61% - 60% - 2:33
2 - 39% - 40% - 1:36
PK Forward
1 - 57% - 50% - 2:42
2 - 43% - 50% - 2:02
PK Defense
1 - 47% - 50% - 2:13
2 - 53% - 50% - 2:31
PK3 Forward
1 - 0% - 50%
2 - 0% - 50%
PK3 Defense
1 - 0% - 50%
2 - 0% - 50%
44 Forward
1 - 51% - 50% - 1:06
2 - 49% - 50% - 1:03
44 Defense
1 - 51% - 50% - 1:06
2 - 49% - 50% - 1:03
Last Minute Offensive - 0:00
Last Minute Defensive - 0:00
Total
Forward - 60:14
Defense - 60:14
|
Play-by-Play
1st period
0:01 of 1st period - Charlie Coyle wins face-off versus David Perron in neutral zone.
0:15 of 1st period - Snap shot by Boone Jenner.
0:15 of 1st period - Stopped by Petr Mrazek without a rebound.
0:16 of 1st period - Jeff Carter wins face-off versus Erik Haula in Arizona Coyotes zone.
0:41 of 1st period - Radko Gudas is hit by Corey Perry and loses puck.
0:49 of 1st period - Off-side.
0:50 of 1st period - Mark Jankowski wins face-off versus Ryan McLeod in neutral zone.
1:03 of 1st period - Slapshot by Jakob Silfverberg.
1:03 of 1st period - Stopped by Matt Murray without a rebound.
1:04 of 1st period - Dawson Mercer wins face-off versus Charlie Coyle in Edmonton Oilers zone.
1:04 of 1st period - Dawson Mercer is hit by Charlie Coyle.
1:11 of 1st period - Off-side.
1:12 of 1st period - Dawson Mercer wins face-off versus Charlie Coyle in neutral zone.
1:15 of 1st period - Slapshot by Corey Perry.
1:15 of 1st period - Shot Blocked by Jani Hakanpaa.
1:17 of 1st period - Slapshot by Brandon Carlo.
1:17 of 1st period - Deflect By Corey Perry.
1:17 of 1st period - Stopped by Petr Mrazek with a rebound.
1:19 of 1st period - Snap shot by Corey Perry.
1:19 of 1st period - Goal by Corey Perry - Edmonton Oilers : 1 - Arizona Coyotes : 0.
1:20 of 1st period - Erik Haula wins face-off versus Boone Jenner in neutral zone.
2:14 of 1st period - Wrist shot by Dawson Mercer.
2:14 of 1st period - Shot Misses the Net.
3:35 of 1st period - Adrian Kempe is hit by Radko Gudas and loses puck.
4:10 of 1st period - David Savard is hit by Jared Spurgeon and loses puck.
4:15 of 1st period - Backhand shot by Ondrej Palat.
4:15 of 1st period - Shot Misses the Net.
4:17 of 1st period - Slapshot by Jared Spurgeon.
4:17 of 1st period - Shot Misses the Net.
4:19 of 1st period - Slapshot by Jani Hakanpaa.
4:19 of 1st period - Stopped by Matt Murray with a rebound.
4:21 of 1st period - Slapshot by Johnathan Kovacevic.
4:21 of 1st period - Deflect By Ondrej Palat.
4:21 of 1st period - Shot Misses the Net.
4:21 of 1st period - Puck is out of play.
4:22 of 1st period - Jeff Carter wins face-off versus Erik Haula in Edmonton Oilers zone.
4:33 of 1st period - Slapshot by Brock Boeser.
4:33 of 1st period - Shot Misses the Net.
4:50 of 1st period - Minor Penalty to Adrian Kempe for Holding.
4:51 of 1st period - Mason McTavish wins face-off versus Corey Perry in Edmonton Oilers zone.
4:55 of 1st period - Wrist shot by Mason McTavish.
4:55 of 1st period - Shot Misses the Net.
5:15 of 1st period - Jani Hakanpaa is hit by Jacob Trouba and loses puck.
5:30 of 1st period - Snap shot by Boone Jenner.
5:30 of 1st period - Deflect By David Perron.
5:30 of 1st period - Stopped by Petr Mrazek without a rebound.
5:31 of 1st period - Mason McTavish wins face-off versus Boone Jenner in Arizona Coyotes zone.
5:56 of 1st period - Slapshot by Tyler Seguin.
5:56 of 1st period - Stopped by Matt Murray with a rebound.
5:58 of 1st period - Slapshot by Jani Hakanpaa.
5:58 of 1st period - Stopped by Matt Murray with a rebound.
6:02 of 1st period - Wrist shot by Mats Zuccarello.
6:02 of 1st period - Shot Misses the Net.
6:18 of 1st period - Brock Boeser is hit by Mason McTavish and loses puck.
6:41 of 1st period - Brock Boeser is hit by Radko Gudas.
6:50 of 1st period - Penalty to Adrian Kempe is over, Adrian Kempe is back on ice.
7:05 of 1st period - Wrist shot by Adrian Kempe.
7:05 of 1st period - Stopped by Petr Mrazek with a rebound.
8:25 of 1st period - Evan Bouchard is hit by Brandon Tanev and loses puck.
9:37 of 1st period - Ross Colton is hit by Corey Perry and loses puck.
10:18 of 1st period - Mark Jankowski is hit by Scott Mayfield and loses puck.
10:35 of 1st period - Corey Perry is hit by Radko Gudas and loses puck.
10:40 of 1st period - Snap shot by Ryan Donato.
10:40 of 1st period - Deflect By Brandon Tanev.
10:40 of 1st period - Shot Misses the Net.
10:40 of 1st period - Puck is out of play.
10:41 of 1st period - Boone Jenner wins face-off versus Ross Colton in Edmonton Oilers zone.
10:41 of 1st period - Boone Jenner is hit by Brandon Tanev.
10:50 of 1st period - Minor Penalty to Jacob Trouba for Tripping.
10:51 of 1st period - Charlie Coyle wins face-off versus Boone Jenner in Edmonton Oilers zone.
10:55 of 1st period - Slapshot by Mats Zuccarello.
10:55 of 1st period - Stopped by Matt Murray with a rebound.
10:57 of 1st period - Wrist shot by Charlie Coyle.
10:57 of 1st period - Goal by Charlie Coyle - Edmonton Oilers : 1 - Arizona Coyotes : 1.
10:58 of 1st period - Boone Jenner wins face-off versus Charlie Coyle in neutral zone.
11:09 of 1st period - Snap shot by David Perron.
11:09 of 1st period - Stopped by Petr Mrazek without a rebound.
11:10 of 1st period - Charlie Coyle wins face-off versus Jeff Carter in Arizona Coyotes zone.
11:51 of 1st period - Icing by Jared Spurgeon.
11:52 of 1st period - Dawson Mercer wins face-off versus Ross Colton in Arizona Coyotes zone.
12:53 of 1st period - Snap shot by Dawson Mercer.
12:53 of 1st period - Shot Blocked by Ryan Donato.
13:13 of 1st period - Slapshot by Ross Colton.
13:13 of 1st period - Stopped by Matt Murray with a rebound.
13:15 of 1st period - Slapshot by Brayden McNabb.
13:15 of 1st period - Shot Blocked by Corey Perry.
13:17 of 1st period - Slapshot by Radko Gudas.
13:17 of 1st period - Deflect By David Savard.
13:17 of 1st period - Stopped by Matt Murray without a rebound.
13:18 of 1st period - Charlie Coyle wins face-off versus Jeff Carter in Edmonton Oilers zone.
13:33 of 1st period - Slapshot by Mats Zuccarello.
13:33 of 1st period - Shot Misses the Net.
13:35 of 1st period - Wrist shot by Mason McTavish.
13:35 of 1st period - Goal by Mason McTavish - Edmonton Oilers : 1 - Arizona Coyotes : 2.
13:36 of 1st period - Boone Jenner wins face-off versus Erik Haula in neutral zone.
14:08 of 1st period - Wrist shot by Jeff Carter.
14:08 of 1st period - Shot Misses the Net.
14:55 of 1st period - Off-side.
14:56 of 1st period - Mason McTavish wins face-off versus Boone Jenner in neutral zone.
15:23 of 1st period - Johnathan Kovacevic is hit by Jake DeBrusk and loses puck.
15:30 of 1st period - Snap shot by Zach Parise.
15:30 of 1st period - Stopped by Matt Murray with a rebound.
15:32 of 1st period - Slapshot by Radko Gudas.
15:32 of 1st period - Shot Hit the Post.
15:46 of 1st period - Slapshot by Corey Perry.
15:46 of 1st period - Shot Blocked by Jakob Silfverberg.
15:48 of 1st period - Wrist shot by Corey Perry.
15:48 of 1st period - Deflect By Dawson Mercer.
15:48 of 1st period - Shot Misses the Net.
15:48 of 1st period - Puck is out of play.
15:49 of 1st period - Dawson Mercer wins face-off versus Ondrej Palat in Arizona Coyotes zone.
15:52 of 1st period - Wrist shot by Dawson Mercer.
15:52 of 1st period - Shot Blocked by Jared Spurgeon.
16:02 of 1st period - Wrist shot by Corey Perry.
16:02 of 1st period - Stopped by Petr Mrazek without a rebound.
16:03 of 1st period - Ryan McLeod wins face-off versus Erik Haula in Arizona Coyotes zone.
16:06 of 1st period - Snap shot by Ryan McLeod.
16:06 of 1st period - Shot Blocked by Jani Hakanpaa.
16:08 of 1st period - Slapshot by David Savard.
16:08 of 1st period - Stopped by Petr Mrazek with a rebound.
16:10 of 1st period - Wrist shot by Ryan McLeod.
16:10 of 1st period - Deflect By Tyler Seguin.
16:10 of 1st period - Shot Misses the Net.
16:10 of 1st period - Puck is out of play.
16:11 of 1st period - Erik Haula wins face-off versus Ryan McLeod in Arizona Coyotes zone.
16:21 of 1st period - Off-side.
16:22 of 1st period - Charlie Coyle wins face-off versus Boone Jenner in neutral zone.
16:25 of 1st period - Snap shot by Charlie Coyle.
16:25 of 1st period - Stopped by Matt Murray with a rebound.
16:32 of 1st period - Off-side.
16:33 of 1st period - Charlie Coyle wins face-off versus Ryan McLeod in neutral zone.
16:38 of 1st period - Slapshot by Charlie Coyle.
16:38 of 1st period - Deflect By Mats Zuccarello.
16:38 of 1st period - Shot Misses the Net.
16:38 of 1st period - Puck is out of play.
16:39 of 1st period - Charlie Coyle wins face-off versus Ryan McLeod in Edmonton Oilers zone.
16:42 of 1st period - Snap shot by Mats Zuccarello.
16:42 of 1st period - Shot Misses the Net.
16:44 of 1st period - Wrist shot by Mats Zuccarello.
16:44 of 1st period - Stopped by Matt Murray with a rebound.
17:34 of 1st period - Wrist shot by Ross Colton.
17:34 of 1st period - Shot Blocked by Adrian Kempe.
17:36 of 1st period - Wrist shot by Brandon Tanev.
17:36 of 1st period - Stopped by Matt Murray with a rebound.
17:38 of 1st period - Snap shot by Ryan Donato.
17:38 of 1st period - Goal by Ryan Donato - Edmonton Oilers : 1 - Arizona Coyotes : 3.
17:39 of 1st period - Boone Jenner wins face-off versus Erik Haula in neutral zone.
17:54 of 1st period - Wrist shot by Erik Haula.
17:54 of 1st period - Stopped by Matt Murray with a rebound.
18:04 of 1st period - Mats Zuccarello is hit by Brock Boeser and loses puck.
18:11 of 1st period - Slapshot by Brayden McNabb.
18:11 of 1st period - Deflect By Charlie Coyle.
18:11 of 1st period - Stopped by Matt Murray with a rebound.
Goals for this period are 1 for Edmonton Oilers vs 3 for Arizona Coyotes.
Shots for this period are 8 for Edmonton Oilers vs 16 for Arizona Coyotes.
2nd period
0:01 of 2nd period - Erik Haula wins face-off versus Ryan McLeod in neutral zone.
0:10 of 2nd period - Slapshot by Erik Haula.
0:10 of 2nd period - Stopped by Matt Murray without a rebound.
0:11 of 2nd period - Jeff Carter wins face-off versus Charlie Coyle in Edmonton Oilers zone.
0:22 of 2nd period - Wrist shot by Brock Boeser.
0:22 of 2nd period - Shot Misses the Net.
0:47 of 2nd period - Wrist shot by Erik Haula.
0:47 of 2nd period - Stopped by Matt Murray without a rebound.
0:48 of 2nd period - Boone Jenner wins face-off versus Charlie Coyle in Edmonton Oilers zone.
1:04 of 2nd period - Minor Penalty to Jacob Trouba for Interference.
1:05 of 2nd period - Mason McTavish wins face-off versus Boone Jenner in Edmonton Oilers zone.
1:31 of 2nd period - Charlie Coyle is hit by David Perron and loses puck.
3:04 of 2nd period - Penalty to Jacob Trouba is over, Jacob Trouba is back on ice.
3:16 of 2nd period - Snap shot by Adrian Kempe.
3:16 of 2nd period - Stopped by Petr Mrazek without a rebound.
3:17 of 2nd period - Dawson Mercer wins face-off versus Mark Jankowski in Arizona Coyotes zone.
3:27 of 2nd period - Off-side.
3:28 of 2nd period - Zach Parise wins face-off versus Dawson Mercer in neutral zone.
3:53 of 2nd period - Jacob Trouba is hit by Charlie Coyle and loses puck.
4:28 of 2nd period - Minor Penalty to Radko Gudas for Interference.
4:29 of 2nd period - Charlie Coyle wins face-off versus Boone Jenner in Arizona Coyotes zone.
5:10 of 2nd period - Wrist shot by Jeff Carter.
5:10 of 2nd period - Deflect By Brock Boeser.
5:10 of 2nd period - Goal by Brock Boeser - Edmonton Oilers : 2 - Arizona Coyotes : 3.
5:11 of 2nd period - Erik Haula wins face-off versus Jeff Carter in neutral zone.
6:24 of 2nd period - Wrist shot by Jakob Silfverberg.
6:24 of 2nd period - Shot Misses the Net.
6:36 of 2nd period - Snap shot by Adrian Kempe.
6:36 of 2nd period - Shot Blocked by Johnathan Kovacevic.
6:38 of 2nd period - Snap shot by Adrian Kempe.
6:38 of 2nd period - Shot Blocked by Zach Parise.
7:24 of 2nd period - Slapshot by Ryan Donato.
7:24 of 2nd period - Stopped by Matt Murray with a rebound.
7:26 of 2nd period - Slapshot by Brayden McNabb.
7:26 of 2nd period - Stopped by Matt Murray without a rebound.
7:27 of 2nd period - Jeff Carter wins face-off versus Erik Haula in Edmonton Oilers zone.
7:42 of 2nd period - Wrist shot by Erik Haula.
7:42 of 2nd period - Shot Misses the Net.
8:21 of 2nd period - Wrist shot by Charlie Coyle.
8:21 of 2nd period - Deflect By Mats Zuccarello.
8:21 of 2nd period - Stopped by Matt Murray with a rebound.
8:23 of 2nd period - Snap shot by Mason McTavish.
8:23 of 2nd period - Shot Misses the Net.
8:25 of 2nd period - Slapshot by Brayden McNabb.
8:25 of 2nd period - Stopped by Matt Murray without a rebound.
8:26 of 2nd period - Jeff Carter wins face-off versus Erik Haula in Edmonton Oilers zone.
9:02 of 2nd period - Snap shot by Adrian Kempe.
9:02 of 2nd period - Shot Misses the Net.
9:16 of 2nd period - Slapshot by Adrian Kempe.
9:16 of 2nd period - Shot Misses the Net.
9:32 of 2nd period - Scott Mayfield is hit by Mark Jankowski and loses puck.
9:55 of 2nd period - Slapshot by Tyler Seguin.
9:55 of 2nd period - Shot Blocked by Brett Pesce.
9:57 of 2nd period - Snap shot by Jani Hakanpaa.
9:57 of 2nd period - Stopped by Matt Murray with a rebound.
10:11 of 2nd period - Snap shot by Corey Perry.
10:11 of 2nd period - Shot Blocked by Tyler Seguin.
10:13 of 2nd period - Slapshot by Brett Pesce.
10:13 of 2nd period - Stopped by Petr Mrazek with a rebound.
10:15 of 2nd period - Snap shot by Ryan McLeod.
10:15 of 2nd period - Stopped by Petr Mrazek with a rebound.
10:17 of 2nd period - Slapshot by Brett Pesce.
10:17 of 2nd period - Deflect By Dawson Mercer.
10:17 of 2nd period - Shot Blocked by Johnathan Kovacevic.
10:17 of 2nd period - Puck is out of play.
10:18 of 2nd period - Jeff Carter wins face-off versus Charlie Coyle in Arizona Coyotes zone.
10:21 of 2nd period - Slapshot by Jeff Carter.
10:21 of 2nd period - Stopped by Petr Mrazek without a rebound.
10:22 of 2nd period - Jeff Carter wins face-off versus Charlie Coyle in Arizona Coyotes zone.
10:27 of 2nd period - Snap shot by Jake DeBrusk.
10:27 of 2nd period - Stopped by Petr Mrazek without a rebound.
10:28 of 2nd period - Charlie Coyle wins face-off versus Jeff Carter in Arizona Coyotes zone.
10:45 of 2nd period - Snap shot by Charlie Coyle.
10:45 of 2nd period - Shot Blocked by Jake DeBrusk.
10:47 of 2nd period - Wrist shot by Mats Zuccarello.
10:47 of 2nd period - Goal by Mats Zuccarello - Edmonton Oilers : 2 - Arizona Coyotes : 4.
10:48 of 2nd period - Erik Haula wins face-off versus Boone Jenner in neutral zone.
11:32 of 2nd period - Snap shot by Ryan Donato.
11:32 of 2nd period - Stopped by Matt Murray without a rebound.
11:33 of 2nd period - Brandon Tanev wins face-off versus Dawson Mercer in Edmonton Oilers zone.
11:44 of 2nd period - Snap shot by Ryan Donato.
11:44 of 2nd period - Shot Misses the Net.
11:46 of 2nd period - Wrist shot by Jani Hakanpaa.
11:46 of 2nd period - Shot Misses the Net.
11:48 of 2nd period - Slapshot by Jared Spurgeon.
11:48 of 2nd period - Shot Blocked by Brandon Carlo.
11:58 of 2nd period - Ryan McLeod is hit by Charlie Coyle and loses puck.
12:07 of 2nd period - Wrist shot by Mats Zuccarello.
12:07 of 2nd period - Shot Blocked by Corey Perry.
13:05 of 2nd period - Backhand shot by Erik Haula.
13:05 of 2nd period - Stopped by Matt Murray with a rebound.
13:07 of 2nd period - Wrist shot by Tyler Seguin.
13:07 of 2nd period - Shot Misses the Net.
13:15 of 2nd period - Slapshot by Erik Haula.
13:15 of 2nd period - Stopped by Matt Murray without a rebound.
13:16 of 2nd period - Boone Jenner wins face-off versus Mason McTavish in Edmonton Oilers zone.
13:50 of 2nd period - Snap shot by Dawson Mercer.
13:50 of 2nd period - Stopped by Petr Mrazek with a rebound.
14:10 of 2nd period - Scott Mayfield is hit by Ondrej Palat and loses puck.
15:06 of 2nd period - Snap shot by Brandon Tanev.
15:06 of 2nd period - Shot Misses the Net.
15:26 of 2nd period - Wrist shot by Erik Haula.
15:26 of 2nd period - Shot Misses the Net.
15:28 of 2nd period - Wrist shot by Zach Parise.
15:28 of 2nd period - Shot Misses the Net.
15:30 of 2nd period - Slapshot by Brayden McNabb.
15:30 of 2nd period - Stopped by Matt Murray without a rebound.
15:31 of 2nd period - Ross Colton wins face-off versus Dawson Mercer in Edmonton Oilers zone.
15:38 of 2nd period - Snap shot by Ryan Donato.
15:38 of 2nd period - Stopped by Matt Murray with a rebound.
15:48 of 2nd period - Ross Colton is hit by Corey Perry and loses puck.
15:56 of 2nd period - Icing by Matt Dumba.
15:57 of 2nd period - Erik Haula wins face-off versus Jeff Carter in Arizona Coyotes zone.
16:13 of 2nd period - Snap shot by Brock Boeser.
16:13 of 2nd period - Stopped by Petr Mrazek with a rebound.
16:41 of 2nd period - Slapshot by Evan Bouchard.
16:41 of 2nd period - Deflect By Brock Boeser.
16:41 of 2nd period - Stopped by Petr Mrazek with a rebound.
16:43 of 2nd period - Slapshot by Evan Bouchard.
16:43 of 2nd period - Shot Blocked by Radko Gudas.
16:45 of 2nd period - Snap shot by Evan Bouchard.
16:45 of 2nd period - Shot Misses the Net.
16:47 of 2nd period - Snap shot by Brock Boeser.
16:47 of 2nd period - Stopped by Petr Mrazek without a rebound.
16:48 of 2nd period - Ryan McLeod wins face-off versus Charlie Coyle in Arizona Coyotes zone.
16:51 of 2nd period - Wrist shot by Ryan McLeod.
16:51 of 2nd period - Deflect By Alex Iafallo.
16:51 of 2nd period - Stopped by Petr Mrazek without a rebound.
16:52 of 2nd period - Ryan McLeod wins face-off versus Charlie Coyle in Arizona Coyotes zone.
16:57 of 2nd period - Slapshot by Ryan McLeod.
16:57 of 2nd period - Stopped by Petr Mrazek with a rebound.
16:59 of 2nd period - Wrist shot by Ryan McLeod.
16:59 of 2nd period - Shot Misses the Net.
17:01 of 2nd period - Slapshot by Brandon Carlo.
17:01 of 2nd period - Shot Blocked by Jani Hakanpaa.
17:07 of 2nd period - Wrist shot by Ryan McLeod.
17:07 of 2nd period - Deflect By Adrian Kempe.
17:07 of 2nd period - Goal by Adrian Kempe - Edmonton Oilers : 3 - Arizona Coyotes : 4.
17:08 of 2nd period - Erik Haula wins face-off versus Boone Jenner in neutral zone.
18:34 of 2nd period - Brock Boeser is hit by Ondrej Palat and loses puck.
19:36 of 2nd period - Snap shot by Ross Colton.
19:36 of 2nd period - Stopped by Matt Murray without a rebound.
19:37 of 2nd period - David Perron wins face-off versus Ross Colton in Edmonton Oilers zone.
19:53 of 2nd period - Snap shot by Ryan Donato.
19:53 of 2nd period - Stopped by Matt Murray with a rebound.
Goals for this period are 2 for Edmonton Oilers vs 1 for Arizona Coyotes.
Shots for this period are 13 for Edmonton Oilers vs 15 for Arizona Coyotes.
3rd period
0:01 of 3rd period - Zach Parise wins face-off versus Ryan McLeod in neutral zone.
0:12 of 3rd period - Snap shot by Ryan McLeod.
0:12 of 3rd period - Stopped by Petr Mrazek without a rebound.
0:13 of 3rd period - Boone Jenner wins face-off versus Charlie Coyle in Arizona Coyotes zone.
0:22 of 3rd period - Wrist shot by Boone Jenner.
0:22 of 3rd period - Stopped by Petr Mrazek with a rebound.
0:24 of 3rd period - Slapshot by Brett Pesce.
0:24 of 3rd period - Deflect By Adrian Kempe.
0:24 of 3rd period - Shot Blocked by Jani Hakanpaa.
0:24 of 3rd period - Puck is out of play.
0:25 of 3rd period - Ryan McLeod wins face-off versus Zach Parise in Arizona Coyotes zone.
0:36 of 3rd period - Alex Iafallo is hit by Radko Gudas and loses puck.
0:55 of 3rd period - Off-side.
0:56 of 3rd period - Charlie Coyle wins face-off versus Jeff Carter in neutral zone.
1:07 of 3rd period - Snap shot by Mats Zuccarello.
1:07 of 3rd period - Deflect By Mason McTavish.
1:07 of 3rd period - Stopped by Matt Murray without a rebound.
1:08 of 3rd period - Erik Haula wins face-off versus Boone Jenner in Edmonton Oilers zone.
1:14 of 3rd period - Minor Penalty to Tyler Seguin for Roughing.
1:15 of 3rd period - Jeff Carter wins face-off versus Charlie Coyle in Arizona Coyotes zone.
1:25 of 3rd period - Snap shot by Brock Boeser.
1:25 of 3rd period - Stopped by Petr Mrazek with a rebound.
1:27 of 3rd period - Wrist shot by Jeff Carter.
1:27 of 3rd period - Shot Misses the Net.
1:29 of 3rd period - Wrist shot by Jake DeBrusk.
1:29 of 3rd period - Shot Blocked by Brayden McNabb.
3:14 of 3rd period - Penalty to Tyler Seguin is over, Tyler Seguin is back on ice.
3:18 of 3rd period - Jared Spurgeon is hit by Dawson Mercer and loses puck.
3:27 of 3rd period - Snap shot by Dawson Mercer.
3:27 of 3rd period - Goal by Dawson Mercer - Edmonton Oilers : 4 - Arizona Coyotes : 4.
3:28 of 3rd period - Dawson Mercer wins face-off versus Erik Haula in neutral zone.
3:33 of 3rd period - Slapshot by Dawson Mercer.
3:33 of 3rd period - Shot Blocked by Brayden McNabb.
3:35 of 3rd period - Snap shot by Corey Perry.
3:35 of 3rd period - Shot Misses the Net.
3:37 of 3rd period - Slapshot by Brett Pesce.
3:37 of 3rd period - Shot Misses the Net.
3:53 of 3rd period - Scott Mayfield is hit by Charlie Coyle and loses puck.
4:22 of 3rd period - Snap shot by Ross Colton.
4:22 of 3rd period - Deflect By Brock Boeser.
4:22 of 3rd period - Stopped by Matt Murray with a rebound.
4:36 of 3rd period - Off-side.
4:37 of 3rd period - Erik Haula wins face-off versus Dawson Mercer in neutral zone.
4:37 of 3rd period - Erik Haula is hit by Ryan McLeod.
4:51 of 3rd period - Wrist shot by Tyler Seguin.
4:51 of 3rd period - Stopped by Matt Murray with a rebound.
4:53 of 3rd period - Snap shot by Erik Haula.
4:53 of 3rd period - Shot Misses the Net.
5:09 of 3rd period - Slapshot by Adrian Kempe.
5:09 of 3rd period - Shot Misses the Net.
5:11 of 3rd period - Snap shot by David Perron.
5:11 of 3rd period - Shot Misses the Net.
5:13 of 3rd period - Snap shot by Boone Jenner.
5:13 of 3rd period - Shot Misses the Net.
5:15 of 3rd period - Slapshot by David Savard.
5:15 of 3rd period - Stopped by Petr Mrazek without a rebound.
5:16 of 3rd period - Erik Haula wins face-off versus Jeff Carter in Arizona Coyotes zone.
5:25 of 3rd period - Wrist shot by Zach Parise.
5:25 of 3rd period - Stopped by Matt Murray without a rebound.
5:26 of 3rd period - Brock Boeser wins face-off versus Erik Haula in Edmonton Oilers zone.
5:33 of 3rd period - Snap shot by Brock Boeser.
5:33 of 3rd period - Shot Blocked by Jani Hakanpaa.
5:35 of 3rd period - Slapshot by Brandon Carlo.
5:35 of 3rd period - Stopped by Petr Mrazek without a rebound.
5:36 of 3rd period - Boone Jenner wins face-off versus Charlie Coyle in Arizona Coyotes zone.
6:05 of 3rd period - Slapshot by Brandon Carlo.
6:05 of 3rd period - Stopped by Petr Mrazek with a rebound.
6:27 of 3rd period - Snap shot by Ross Colton.
6:27 of 3rd period - Stopped by Matt Murray without a rebound.
6:28 of 3rd period - Ryan McLeod wins face-off versus Ross Colton in Edmonton Oilers zone.
6:33 of 3rd period - Wrist shot by Dawson Mercer.
6:33 of 3rd period - Goal by Dawson Mercer - Edmonton Oilers : 5 - Arizona Coyotes : 4.
6:34 of 3rd period - Charlie Coyle wins face-off versus Adrian Kempe in neutral zone.
6:37 of 3rd period - Backhand shot by Mason McTavish.
6:37 of 3rd period - Shot Blocked by Brett Pesce.
6:45 of 3rd period - Snap shot by Adrian Kempe.
6:45 of 3rd period - Shot Blocked by Mats Zuccarello.
6:47 of 3rd period - Snap shot by Brett Pesce.
6:47 of 3rd period - Deflect By Boone Jenner.
6:47 of 3rd period - Stopped by Petr Mrazek with a rebound.
6:49 of 3rd period - Slapshot by Scott Mayfield.
6:49 of 3rd period - Shot Misses the Net.
7:21 of 3rd period - Minor Penalty to Radko Gudas for Hooking.
7:22 of 3rd period - Jeff Carter wins face-off versus Charlie Coyle in Arizona Coyotes zone.
7:25 of 3rd period - Minor Penalty to Jacob Trouba for Interference.
7:26 of 3rd period - Charlie Coyle wins face-off versus Adrian Kempe in Edmonton Oilers zone.
7:40 of 3rd period - Wrist shot by Brock Boeser.
7:40 of 3rd period - Shot Misses the Net.
7:42 of 3rd period - Snap shot by Adrian Kempe.
7:42 of 3rd period - Stopped by Petr Mrazek with a rebound.
7:52 of 3rd period - Scott Mayfield is hit by Mason McTavish and loses puck.
9:21 of 3rd period - Penalty to Radko Gudas is over, Radko Gudas is back on ice.
9:25 of 3rd period - Penalty to Jacob Trouba is over, Jacob Trouba is back on ice.
9:29 of 3rd period - Slapshot by Ryan Donato.
9:29 of 3rd period - Goal by Ryan Donato - Edmonton Oilers : 5 - Arizona Coyotes : 5.
9:30 of 3rd period - Erik Haula wins face-off versus Ryan McLeod in neutral zone.
9:55 of 3rd period - Jacob Trouba is hit by Mats Zuccarello and loses puck.
10:06 of 3rd period - Snap shot by Mats Zuccarello.
10:06 of 3rd period - Stopped by Matt Murray without a rebound.
10:07 of 3rd period - Boone Jenner wins face-off versus Ross Colton in Edmonton Oilers zone.
10:07 of 3rd period - Boone Jenner is hit by Brandon Tanev.
10:16 of 3rd period - Minor Penalty to Radko Gudas for Hooking.
10:17 of 3rd period - Jeff Carter wins face-off versus Mats Zuccarello in Arizona Coyotes zone.
12:16 of 3rd period - Penalty to Radko Gudas is over, Radko Gudas is back on ice.
12:45 of 3rd period - Matt Dumba is hit by Dawson Mercer and loses puck.
12:54 of 3rd period - David Savard is hit by Jakob Silfverberg and loses puck.
13:19 of 3rd period - Brock Boeser is hit by Jani Hakanpaa and loses puck.
14:44 of 3rd period - Brett Pesce is hit by Mats Zuccarello and loses puck.
15:09 of 3rd period - Snap shot by Brandon Tanev.
15:09 of 3rd period - Stopped by Matt Murray without a rebound.
15:10 of 3rd period - Boone Jenner wins face-off versus Mark Jankowski in Edmonton Oilers zone.
16:01 of 3rd period - Jake DeBrusk is hit by Jani Hakanpaa and loses puck.
16:22 of 3rd period - Wrist shot by Zach Parise.
16:22 of 3rd period - Shot Blocked by Jacob Trouba.
16:24 of 3rd period - Slapshot by Erik Haula.
16:24 of 3rd period - Deflect By Tyler Seguin.
16:24 of 3rd period - Stopped by Matt Murray with a rebound.
17:56 of 3rd period - David Savard is hit by Mason McTavish and loses puck.
18:51 of 3rd period - Jared Spurgeon is hit by Dawson Mercer and loses puck.
Goals for this period are 2 for Edmonton Oilers vs 1 for Arizona Coyotes.
Shots for this period are 10 for Edmonton Oilers vs 9 for Arizona Coyotes.
Overtime #1
0:01 of 1st overtime period - Boone Jenner wins face-off versus Charlie Coyle in neutral zone.
0:08 of 1st overtime period - Snap shot by David Perron.
0:08 of 1st overtime period - Shot Blocked by Jared Spurgeon.
0:08 of 1st overtime period - Jared Spurgeon from Arizona Coyotes is injured at 0:08 of 1st overtime period (Back).
0:09 of 1st overtime period - Mats Zuccarello wins face-off versus Adrian Kempe in Arizona Coyotes zone.
0:14 of 1st overtime period - Wrist shot by Mason McTavish.
0:14 of 1st overtime period - Goal by Mason McTavish - Edmonton Oilers : 5 - Arizona Coyotes : 6.
Goals for this period are 0 for Edmonton Oilers vs 1 for Arizona Coyotes.
Shots for this period are 0 for Edmonton Oilers vs 1 for Arizona Coyotes.
Back to the Top